 Dungeon Crawl Stone Soup version 0.28-a0-511-gcc94558de3 (webtiles) character file.

Game seed: 7227629830833618075

124 Spaninq the Skirmisher (level 4, -3/41 HPs)
             Began as a Draconian Wanderer on Sept 21, 2021.
             Killed from afar by an orc wizard (15 damage)
             ... with a puff of flame
             ... on level 3 of the Dungeon.
             The game lasted 00:07:15 (2149 turns).

Spaninq the Skirmisher (Draconian Wanderer)         Turns: 2149, Time: 00:07:16

Health: -3/41      AC:  5    Str: 14    XL:     4   Next: 81%
Magic:  4/4        EV: 11    Int: 11    God:
Gold:   105        SH:  0    Dex: 13    Spells: 3/3 levels left

rFire   x . .      SeeInvis .   k - +2 halberd (protect)
rCold   + . .      Faith    .   (shield currently unavailable)
rNeg    . . .      Spirit   .   (armour unavailable)
rPois   .          Reflect  .   (helmet restricted)
rElec   .          Harm     .   (no cloak)
rCorr   .          Rampage  .   (no gloves)
Will    .....                   (no boots)
Stlth   ++........              (no amulet)
HPRegen 0.13/turn               e - ring of ice
MPRegen 0.09/turn               (no ring)

@: no status effects
A: AC +5, unfitting armour, cold-blooded
a: no special abilities


You were on level 3 of the Dungeon.
You visited 1 branch of the dungeon, and saw 3 of its levels.

You collected 105 gold pieces.

Inventory:

Hand Weapons
 a - a +0 hand crossbow
 h - a +0 dagger
 k - a +2 halberd of protection (weapon)
Missiles
 b - 22 bolts
Jewellery
 e - a ring of ice (left hand)
Scrolls
 g - a scroll of fog {unknown}
 i - a scroll of torment {unknown}
 l - a scroll of amnesia {unknown}
Potions
 c - a potion of curing
 d - 5 potions of flight {unknown}
 f - a potion of mutation {unknown}
 j - a potion of brilliance {unknown}


   Skills:
 + Level 4.4 Fighting
 * Level 3.9 Crossbows
 - Level 0.1 Dodging
 - Level 1.0 Stealth
 - Level 1.0 Shields
 - Level 2.0 Translocations
 - Level 1.0 Transmutations


You had 3 spell levels left.
You didn't know any spells.
Your spell library contained the following spells:

 Spells                   Type           Power      Damage    Failure   Level
 Blink                    Tloc           N/A        N/A       24%         2
 Sting                    Tmut/Pois      4%         1d3       28%         1
 Animate Skeleton         Necr           0%         N/A       34%         1
 Pain                     Necr           0%         1d4       34%         1
 Gell's Gravitas          Tloc           2%         N/A       43%         3
 Lesser Beckoning         Tloc           4%         N/A       43%         3
 Teleport Other           Tloc           4%         N/A       43%         3
 Poisonous Vapours        Pois/Air       0%         N/A       47%         2
 Ozocubu's Armour         Ice            0%         N/A       71%         3
 Vampiric Draining        Necr           0%         2d6       71%         3
 Olgreb's Toxic Radiance  Pois           0%         N/A       98%         4
 Manifold Assault         Tloc           4%         N/A       99%         5
 Ozocubu's Refrigeration  Ice            0%         4d5       100%        7


Dungeon Overview and Level Annotations

Branches:
Dungeon (3/15)

Altars:


Innate Abilities, Weirdness & Mutations

Your plain brown scales are hard. (AC +5)
You cannot fit into any form of body armour.
You are cold-blooded and may be slowed by cold attacks.


Message History

Your weapon exudes an aura of protection.
Your tail-slap misses the orc.
The orc is almost dead.
The orc completely misses you.
You slash the orc!
You kill the orc!
The kobold hits you but does no damage.
You puncture the kobold!
You kill the kobold!
You puncture the rat!
You kill the rat!
An orc wizard comes into view. It is wielding a +0 dagger.
Items here: ( )) [ †.
An orc comes into view. It is wielding a +0 trident.
Found a stone staircase leading down.
Items here: ( )) [ †.
You see here a +0 hand axe.
The orc wizard gestures wildly while chanting.
The orc wizard flickers and vanishes!
Deactivating autopickup; reactivate with Ctrl-A.
Reach: k) +2 halberd (protect)
Press: ? - help, Dir - move target You reach to attack!
You closely miss something. You hit something.
Your weapon exudes an aura of protection.
Something hits you but does no damage. The orc hits you but does no damage.
You barely miss something. Something hits you.
The orc hits you from afar with a +0 trident.
Something hits you. The orc barely misses you.
Things that are here:
a +1 mace of protection; a +0 leather armour; an orc corpse You miss something.
Something hits you.
The orc hits you from afar with a +0 trident.
A magic dart appears from out of thin air!
The magic dart hits you!
* * * LOW HITPOINT WARNING * * *
You hear some strange, mumbled words.
A puff of flame appears from out of thin air!
The puff of flame hits you! The fire burns you terribly!
You die...

.# #..... # #.#
.>..... #.#.# .#o..
#)#.### ... #.....#
#.#
#.#.#.#####.#.###.
#.....{o)))....$...
#.#.#.#########.#.#
#...@.# #####.###
#S #.....# #.#
#.##### #.# #.# #.#
#.# #.# #.# #<#
##.#### #.# #.#
#### ##......
#####.#####.# #[.
.....# (


You could see an orc.

Vanquished Creatures
  3 gnolls (D:2)
  3 adders (D:2)
  3 worms (D:2)
  3 dart slugs
  3 orcs (D:3)
  3 ball pythons (D:1)
  3 endoplasms
  2 giant cockroaches (D:1)
  6 hobgoblins
  2 jackals (D:2)
  6 kobolds
  A quokka (D:2)
  4 bats
  3 frilled lizards
  6 rats
51 creatures vanquished.

Notes
Turn   | Place    | Note
-------+----------+-------------------------------------------
     0 | D:1      | Spaninq the Draconian Wanderer began the quest for the Orb.
     0 | D:1      | Spaninq set off with the following items: a +0 hand
                  | crossbow, 26 bolts, a potion of curing; and the following
                  | spells available to memorise: Blink, Gell's Gravitas,
                  | Lesser Beckoning, Teleport Other, Manifold Assault
     0 | D:1      | Reached XP level 1. HP: 19/19 MP: 1/1
   288 | D:1      | Reached XP level 2. HP: 26/26 MP: 2/2
   939 | D:2      | Reached XP level 3. HP: 33/33 MP: 3/3
  1108 | D:2      | Found a faded altar of an unknown god.
  1185 | D:2      | Reached skill level 4 in Fighting
  1201 | D:2      | Reached XP level 4. HP: 40/40 MP: 4/4
  2149 | D:3      | Killed from afar by an orc wizard

Illustrated notes

Levels and vault maps discovered:
D:1:      matt_arrival_spirals, layout_basic, minmay_octomino_c4
D:2:      layout_basic, shapermc_ecumenical_altar_mp_vishouse
D:3:      layout_loops_ring, gammafunk_ghost_split, st_stairs_4, uniq_jessica,
          uniq_natasha

Skill      XL: |  1  2  3 |
---------------+----------+-----
Crossbows      | 2 3 |  3.9
Fighting       | 4 |  4.4
Dodging        | |  0.1
Stealth        | |  1.0
Shields        | |  1.0
Translocations | |  2.0
Transmutations | |  1.0

Action                   |  1- 3 |  4- 6 || total
-------------------------+-------+-------++-------
Melee: Dagger            |    26 |    13 ||    39
       Tailslap          |     3 |     6 ||     9
       Halberd           |       |    54 ||    54
 Fire: Hand crossbow     |    67 |     7 ||    74
 Stab: Sleeping          |       |     2 ||     2
Armor: Skin              |    10 |    21 ||    31
Dodge: Dodged            |    28 |    33 ||    61

Table legend: (Time is in decaauts)
 A = Elapsed time spent in this place.
 B = Non-inter-level travel time spent in this place.
 C = Inter-level travel time spent in this place.
 D = Time resting spent in this place.
 E = Time spent auto-exploring this place.
 F = Levels seen in this place.
 G = Mean time per level.
                   A        B        C        D        E       F      G
               +--------+--------+--------+--------+--------+-----+--------+
         Total |   2196 |   2128 |     68 |    234 |   1303 |   3 |  732.0 |
       Dungeon |   2196 |   2128 |     68 |    234 |   1303 |   3 |  732.0 |
               +--------+--------+--------+--------+--------+-----+--------+

Top non-repeatable levels by time:
     D:2: 1374 daAuts
     D:1: 728 daAuts
     D:3: 93 daAuts
